 Dungeon Crawl Stone Soup version 0.24.0-13-gcf9b3192b9 (webtiles) character file.

Game seed: 18361829562431280378, levelgen mode: deterministic

25 Esekla the Skirmisher (level 3, -18/14 HPs)
             Began as a Vine Stalker Abyssal Knight on Nov 10, 2019.
             Was a Follower of Lugonu.
             Killed from afar by a wretched star (24 damage)
             ... with an orb of energy
             ... on level 1 of the Abyss.
             The game lasted 00:04:37 (284 turns).

Esekla the Skirmisher (Vine Stalker Abyssal Knight)  Turns: 284, Time: 00:04:37

Health: -18/14     AC:  1    Str: 11    XL:     3   Next: 6%
Magic:  0/5        EV: 11    Int:  8    God:    Lugonu [*.....]
Gold:   17         SH:  0    Dex: 13    Spells: 2/2 levels left

rFire    . . .     SeeInvis .   a - +1 falchion
rCold    . . .     Gourm    .   (no shield)
rNeg     . . .     Faith    .   b - +0 leather armour
rPois    .         Spirit   +   (no helmet)
rElec    .         Reflect  .   (no cloak)
rCorr    .         Harm     .   (no gloves)
MR       .....     Rnd*Rage +   (no boots)
Stlth    +.........             f - amulet of rage
HPRegen  0.04/turn              (no ring)
MPRegen  0.09/turn              (no ring)

@: no status effects
A: fangs 2, [berserk 2], [blurry vision 2], [deformed body], [dopey 2], [frail
3], [screaming 3], [weak 2], magic shield, antimagic bite, no potion heal 3, rot
immunity, [subdued magic 2]
a: Depart the Abyss, Renounce Religion, Evoke Berserk Rage


You were on level 1 of the Abyss.
You worshipped Lugonu.
Lugonu was aware of your devotion.
You were not hungry.

You visited 0 branches of the dungeon, and saw 0 of its levels.
You visited the Abyss 1 time.

You collected 17 gold pieces.

Inventory:

Hand Weapons
 a - a +1 falchion (weapon)
Armour
 b - a +0 leather armour (worn)
Jewellery
 f - an amulet of rage (around neck)
Scrolls
 d - a scroll of magic mapping {unknown}
 e - a scroll of enchant weapon {unknown}
Potions
 g - a potion of might {unknown}
Comestibles
 c - a ration


   Skills:
 * Level 3.4 Fighting
 + Level 2.0 Long Blades
 + Level 1.6 Armour
 + Level 0.7 Dodging
 + Level 1.9 Invocations


You had 2 spell levels left.
You didn't know any spells.
Your spell library was empty.

Dungeon Overview and Level Annotations

Branches:
Dungeon (0/15)

Altars:


Innate Abilities, Weirdness & Mutations

You have extremely sharp teeth.
When hurt, damage is shared between your health and your magic reserves.
Your bite disrupts and absorbs the magic of your enemies.
Potions cannot restore your health.
You are immune to rotting.
[You often lose your temper in combat.]
[Scrolls take you longer to read.]
[Armour fits poorly on your strangely shaped body.]
[You are very dopey. (Int -4)]
[You are extremely frail. (-30% HP)]
[You frequently scream uncontrollably at your foes.]
[You are very weak. (Str -4)]
[Your spells are easier to cast, but less powerful.]


Message History

Found a yellow potion.
A large abomination comes into view.
You see here a yellow potion.
g - a yellow potion The small abomination hits you!
* * * LOW HITPOINT WARNING * * *
The wretched star pulses with an eldritch light!
You feel the urge to shout.
You feel a strong urge to yell.
A wight comes into view.
It is wielding a +3 short sword of freezing.
Found a ration.
The wretched star pulses with an eldritch light!
You feel a strong urge to scream.
The wretched star pulses with an eldritch light!
You feel frail.
The wretched star pulses with an eldritch light!
You feel weaker. x2
The wretched star glows turbulently.
The orb of energy hits you!!
Ouch! That really hurt!
You die...

.###P.. ..#....
...... #.....
#...## # #...# .
.#.######..# ...
#......#.#@##...#
#....#...#.......
..#.
#.........#.#
#....#...#.##..#
#...# ## ..#
#..*### ## .
#.#...## ##..
#.###..###.... .
#..x..####


You could see a wretched star.

Vanquished Creatures
  A human skeleton (Abyss:1)
1 creature vanquished.

Notes
Turn   | Place    | Note
-------+----------+-------------------------------------------
     0 | Abyss:1  | Esekla the Vine Stalker Abyssal Knight began the quest for
                  | the Orb.
     0 | Abyss:1  | Reached XP level 1. HP: 11/11 MP: 3/3
    57 | Abyss:1  | Noticed a large abomination
    70 | Abyss:1  | Noticed a wretched star
   121 | Abyss:1  | Reached skill level 3 in Fighting
   121 | Abyss:1  | Reached XP level 2. HP: 3/16 MP: 0/4
   121 | Abyss:1  | Reached XP level 3. HP: 4/20 MP: 0/5
   207 | Abyss:1  | Noticed a wretched star
   215 | Abyss:1  | Noticed a small abomination
   232 | Abyss:1  | Noticed a large abomination
   284 | Abyss:1  | Killed from afar by a wretched star

Levels and vault maps discovered:
Abyss:1:  evilmike_abyss_exit_plants

Skill      XL: |  1 |
---------------+----+-----
Fighting       | 3 |  3.4
Long Blades    | 2 |  2.0
Armour         | |  1.6
Dodging        | |  0.7
Invocations    | |  1.9

Action                   || total
-------------------------++-------
Melee: Falchion          ||     9
       Bite              ||     4
Dodge: Dodged            ||     4
       Rpst.: Falchion   ||     1
